 Dungeon Crawl Stone Soup version 0.30-a0-715-gdb4ae3ece1 (webtiles) character file.

Game seed: 5023627416542266774

4348 wormed the Martial Artist (level 10, -27/74 HPs)
             Began as a Gnoll Wanderer on Jan 23, 2023.
             Killed by an exploding chaos spawn (34 damage)
             ... ignited by their inner flame
             ... on level 9 of the Dungeon.
             The game lasted 00:13:51 (9276 turns).

wormed the Martial Artist (Gnoll Wanderer)          Turns: 9276, Time: 00:13:51

Health: -27/74     AC: 13    Str: 13      XL:     10   Next: 34%
Magic:  0/19       EV: 12    Int: 27      God:
Gold:   551        SH:  6    Dex:  8 (11) Spells: 11/21 levels left

rFire   . . .      SeeInvis .    p - +3 sling of Wybbik {heavy, rCorr Str+2 Stlth-}
rCold   . . .      Faith    .    b - +1 buckler
rNeg    . . .      Spirit   +    k - +0 leather armour
rPois   +          Reflect  .    L - +5 hat "Sezxokil" {Int+4}
rElec   .          Harm     .    (no cloak)
rCorr   +          Rampage  .    q - +2 pair of gloves
Will    .....                    D - +0 pair of boots
Stlth   +                        g - amulet of guardian spirit
HPRegen 0.32/turn                n - ring of poison resistance
MPRegen 0.16/turn                r - +6 ring of intelligence

@: no status effects
A: fangs 1, strong nose, distributed training
a: no special abilities


You were on level 9 of the Dungeon.
You visited 2 branches of the dungeon, and saw 11 of its levels.

You collected 551 gold pieces.

Inventory:

Hand Weapons
 p - the +3 sling of Wybbik (weapon) {heavy, rCorr Str+2 Stlth-}
   (You found it on level 2 of the Dungeon)

   Str:       It affects your strength (+2).
   rCorr:     It protects you from acid and corrosion.
   Stlth:     It makes you less stealthy.
Missiles
 I - a throwing net
Armour
 b - a +1 buckler (worn)
 k - a +0 leather armour (worn)
 q - a +2 pair of gloves (worn)
 D - a +0 pair of boots (worn)
 L - the +5 hat "Sezxokil" (worn) {Int+4}
   (You found it on level 10 of the Dungeon)

   Int:       It affects your intelligence (+4).
Magical Staves
 o - a staff of fire
Jewellery
 f - a ring of positive energy
 g - an amulet of guardian spirit (around neck)
 m - a ring of magical power
 n - a ring of poison resistance (left hand)
 r - a +6 ring of intelligence (right hand)
Wands
 h - a wand of flame (15)
 y - a wand of charming (11)
 z - a wand of digging (1)
 E - a wand of quicksilver (5)
Scrolls
 a - a scroll of poison
 c - a scroll of fear
 e - 13 scrolls of identify
 u - 2 scrolls of torment
 x - 2 scrolls of fog {unknown}
 C - a scroll of brand weapon
 G - a scroll of acquirement {unknown}
 H - 2 scrolls of enchant weapon {unknown}
Potions
 d - 2 potions of berserk rage
 i - a potion of degeneration
 l - 2 potions of brilliance
 t - 2 potions of lignification
 v - 2 potions of ambrosia
 A - a potion of might
 B - 5 potions of curing
 F - a potion of cancellation {unknown}
 J - 3 potions of mutation {unknown}
 K - a potion of attraction {unknown}


   Skills:
 + Level 5.4 Fighting
 + Level 5.4 Short Blades
 + Level 5.4 Long Blades
 + Level 5.4 Axes
 + Level 5.4 Maces & Flails
 + Level 5.4 Polearms
 + Level 5.4 Staves
 + Level 5.4 Ranged Weapons
 + Level 5.4 Throwing
 + Level 6.0 Armour
 + Level 5.4 Dodging
 + Level 5.4 Stealth
 + Level 7.1 Shields
 + Level 8.6 Unarmed Combat
 + Level 6.1 Spellcasting
 + Level 4.4 Conjurations
 + Level 4.4 Hexes
 + Level 4.4 Summonings
 + Level 7.1 Necromancy
 + Level 4.4 Translocations
 + Level 4.4 Transmutations
 + Level 4.4 Fire Magic
 + Level 4.4 Ice Magic
 + Level 4.4 Air Magic
 + Level 4.4 Earth Magic
 + Level 4.4 Poison Magic
 + Level 5.9 Invocations
 + Level 5.4 Evocations


You had 11 spell levels left.
You knew the following spells:

 Your Spells              Type           Power      Damage    Failure   Level
a - Call Canine Familiar  Summ           32%        N/A       4%          3
b - Inner Flame           Hex/Fire       32%        N/A       4%          3
c - Summon Lightning Spi  Summ/Air       32%        N/A       16%         4

Your spell library contained the following spells:

 Spells                   Type           Power      Damage    Failure   Level
 Kiss of Death            Conj/Necr      100%       2d13      1%          1
 Dazzling Flash           Conj/Hex       64%        N/A       4%          3
 Hailstorm                Conj/Ice       32%        3d8       4%          3
 Portal Projectile        Hex/Tloc       64%        N/A       4%          3
 Tukima's Dance           Hex            32%        N/A       4%          3
 Vhi's Electric Charge    Tloc/Air       64%        N/A       4%          3
 Animate Dead             Necr           47%        N/A       5%          4
 Dispel Undead            Necr           47%        3d18      5%          4
 Animate Armour           Summ/Erth      64%        N/A       16%         4
 Flame Wave               Conj/Fire      32%        2d9       16%         4
 Ice Form                 Ice/Tmut       32%        N/A       16%         4
 Iskenderun's Mystic Bla  Conj/Tloc      32%        2d8       16%         4
 Leda's Liquefaction      Hex/Erth       16%        N/A       16%         4
 Passage of Golubria      Tloc           32%        N/A       16%         4
 Sticky Flame             Conj/Fire      32%        2d5       16%         4
 Arcjolt                  Conj/Air       16%        1d26      41%         5
 Blade Hands              Tmut           16%        N/A       41%         5
 Yara's Violent Unravell  Hex/Tmut       16%        3d8       41%         5
 Simulacrum               Ice/Necr       19%        N/A       80%         6
 Iron Shot                Conj/Erth      16%        9d4       94%         6
 Starburst                Conj/Fire      16%        6d6       94%         6
 Storm Form               Tmut/Air       16%        N/A       100%        7
 Maxwell's Capacitive Co  Air            16%        ∞         100%        8


Dungeon Overview and Level Annotations

Branches:
Dungeon (10/15)            Temple (1/1) D:7
   Lair: D:8-11         Orc: D:9-12

Altars:
Ashenzari
Cheibriados
Dithmenos
Elyvilon
Gozag
Hepliaklqana
Kikubaaqudgha
Makhleb
Nemelex Xobeh
Okawaru
Qazlal
Ru
Sif Muna
Trog
Uskayaw
Vehumet
Wu Jian
Xom
Yredelemnul
Zin
The Shining One

Shops:
D:7 (

Annotations:
D:7 2 transporters, flotson's ghost, novice DsDe
D:8 2 runed translucent doors, pigah's ghost, journeyman OpWn
D:9 2 transporters, sirJeffrey23's ghost, novice HOFi


Innate Abilities, Weirdness & Mutations

You have very sharp teeth.
Your uncanny sense of smell can sniff out nearby items.
Your experience applies equally to all skills.


Message History

The rust devil screeches!
The rust devil resists with some effort.
The chaos spawn looks frightened!
You feel sick.
You feel better.
Casting: Inner Flame (dangerous; 4% risk of failure)
Confirm with . or Enter, or press ? or * to list all spells.
Aiming: Inner Flame (dangerous; 4% risk of failure)
Press: ? - help, Dir - move target, f/p - chaos spawn
Aim: a chaos spawn (moderately wounded, fleeing, chance to affect: 56%)
Your attack snaps the chaos spawn out of its fear.
The chaos spawn is filled with an inner flame.
Fire: p) +3 sling of Wybbik {heavy, rCorr Str+2 Stlth-}
Press: ? - help, Q - select action, (/) - cycle Shift-Dir - straight line, f/p - chaos spawn
Aim: a chaos spawn (moderately wounded, inner flame, 53% to hit)
You shoot a sling bullet.
The sling bullet hits the chaos spawn but does no damage.
The chaos spawn is moderately wounded.
You block the chaos spawn's attack.
Fire: p) +3 sling of Wybbik {heavy, rCorr Str+2 Stlth-}
Press: ? - help, Q - select action, (/) - cycle Shift-Dir - straight line, f/p - chaos spawn
Aim: a chaos spawn (moderately wounded, inner flame, 53% to hit)
You shoot a sling bullet. The sling bullet hits the chaos spawn.
Flame seeps out of the chaos spawn.
The chaos spawn is heavily wounded.
The chaos spawn is engulfed in blazing flames.
Flame seeps out of the chaos spawn.
The chaos spawn hits you.
* * * LOW HITPOINT WARNING * * *
Space warps around you.
* * * LOW HITPOINT WARNING * * *
As you read the scroll of fear, it crumbles to dust.
You assume a fearsome visage.
The rust devil looks frightened!
The chaos spawn looks frightened!
The chaos spawn is engulfed in blazing flames.
The chaos spawn degenerates into a cloud of primal chaos!
The chaos spawn explodes!
The fiery explosion engulfs the rust devil.
The rust devil completely resists.
Your attack snaps the rust devil out of its fear.
The fiery explosion engulfs you!!
You die...

##########
#..§@§...#
#..§°4...#
#..§§§...+
#
+........#
.
#........#
#
#........#
##.......#
#.......#
#####
##......#


You could see a rust devil.

Vanquished Creatures
  Pikel (D:7)
  A kobold demonologist (D:10)
  A shadow (D:10)
  A wraith (D:10)
  A chaos spawn (D:9)
  A steam dragon (D:10)
  Menkaure (D:4)
  A water moccasin (D:6)
  An ice beast (D:6)
  3 ogres (D:6)
  3 centaurs
  A wolf (D:9)
  2 kobold brigands
  2 lemures (D:7)
  2 bullfrogs
  3 scorpions
  2 necrophages
  A gnoll sergeant (D:10)
  6 howler monkeys
  2 electric eels (D:10)
  A crimson imp (D:4)
  2 quasits (D:9)
  5 jellies
  3 hounds
  An orc priest (D:7)
  Jessica (D:3)
  4 iguanas
  Natasha (thrice) (D:3)
  4 orc wizards
  11 gnolls
  8 adders
  2 shadow imps (D:5)
  2 ufetubi
  2 worms
  3 dart slugs
  24 orcs
  6 ball pythons
  8 endoplasms
  3 giant cockroaches
  8 goblins
  6 hobgoblins
  5 jackals
  A quokka (D:5)
  6 bats
  2 frilled lizards (D:2)
  10 kobolds
  3 rats
  A spectral orc (D:7)
171 creatures vanquished.

Vanquished Creatures (collateral kills)
  3 yaks (D:7)
3 creatures vanquished.

Vanquished Creatures (others)
  2 demonic plants (D:9)
2 creatures vanquished.

Grand Total: 176 creatures vanquished

Notes
Turn   | Place    | Note
-------+----------+-------------------------------------------
     0 | D:1      | wormed the Gnoll Wanderer began the quest for the Orb.
     0 | D:1      | wormed set off with the following items: a +0 club, a +0
                  | buckler, a scroll of fear, a +0 robe, a potion of
                  | lignification; and the following spell memorised: Kiss of
                  | Death; and the following spells available to memorise:
                  | Animate Dead, Dispel Undead.
     0 | D:1      | Reached XP level 1. HP: 13/13 MP: 4/4
   112 | D:1      | Reached XP level 2. HP: 16/19 MP: 5/5
   859 | D:2      | Reached XP level 3. HP: 25/25 MP: 7/7
   911 | D:2      | Reached skill level 1 in Invocations
  1098 | D:2      | Reached skill level 1 in Fighting
  1098 | D:2      | Reached skill level 1 in Short Blades
  1098 | D:2      | Reached skill level 1 in Long Blades
  1098 | D:2      | Reached skill level 1 in Axes
  1098 | D:2      | Reached skill level 1 in Maces & Flails
  1098 | D:2      | Reached skill level 1 in Polearms
  1098 | D:2      | Reached skill level 1 in Staves
  1098 | D:2      | Reached skill level 1 in Ranged Weapons
  1098 | D:2      | Reached skill level 1 in Throwing
  1098 | D:2      | Reached skill level 1 in Dodging
  1098 | D:2      | Reached skill level 1 in Stealth
  1098 | D:2      | Reached skill level 1 in Evocations
  1423 | D:2      | Reached XP level 4. HP: 32/32 MP: 8/8
  1594 | D:2      | Identified the +3 sling of Wybbik {heavy, rCorr Str+2
                  | Stlth-}
  1631 | D:2      | Reached skill level 1 in Conjurations
  1631 | D:2      | Reached skill level 1 in Hexes
  1631 | D:2      | Reached skill level 1 in Summonings
  1631 | D:2      | Reached skill level 1 in Translocations
  1631 | D:2      | Reached skill level 1 in Transmutations
  1631 | D:2      | Reached skill level 1 in Fire Magic
  1631 | D:2      | Reached skill level 1 in Ice Magic
  1631 | D:2      | Reached skill level 1 in Air Magic
  1631 | D:2      | Reached skill level 1 in Earth Magic
  1631 | D:2      | Reached skill level 1 in Poison Magic
  1793 | D:2      | Reached XP level 5. HP: 37/37 MP: 9/9
  2329 | D:3      | Noticed Jessica
  2331 | D:3      | Noticed Natasha
  2332 | D:3      | Killed Jessica
  2334 | D:3      | Killed Natasha
  2402 | D:3      | Noticed Natasha
  2407 | D:3      | Killed Natasha
  2469 | D:3      | Reached XP level 6. HP: 41/44 MP: 11/11
  2696 | D:3      | Noticed Natasha
  2701 | D:3      | Killed Natasha
  2702 | D:3      | Reached skill level 5 in Shields
  2911 | D:4      | Found a stormy altar of Qazlal.
  3093 | D:4      | Noticed Menkaure
  3127 | D:4      | Killed Menkaure
  3128 | D:4      | Reached skill level 7 in Unarmed Combat
  3128 | D:4      | Reached XP level 7. HP: 28/50 MP: 7/12
  3354 | D:4      | Found a hazy altar of Hepliaklqana.
  3648 | D:4      | Found a shimmering altar of Xom.
  3648 | D:4      | Found a burning altar of Makhleb.
  3733 | D:4      | Learned a level 3 spell: Call Canine Familiar
  3734 | D:5      | Entered Level 5 of the Dungeon
  3893 | D:5      | Found an opulent altar of Gozag.
  3981 | D:4      | Found a shimmering blue altar of Sif Muna.
  3981 | D:4      | Found a hide-covered altar of Uskayaw.
  3981 | D:4      | Found a broken altar of Ashenzari.
  4164 | D:5      | Learned a level 3 spell: Inner Flame
  4583 | D:6      | Reached XP level 8. HP: 16/58 MP: 4/14
  5769 | D:7      | Found a transporter.
  5792 | D:7      | Noticed a yak
  5792 | D:7      | Noticed a yak
  5792 | D:7      | Noticed a yak
  5885 | D:7      | Killed a yak
  5886 | D:7      | Reached XP level 9. HP: 60/65 MP: 13/16
  5887 | D:7      | Reached skill level 5 in Spellcasting
  5889 | D:7      | Reached skill level 5 in Armour
  5940 | D:7      | Noticed a toenail golem
  5941 | D:7      | Noticed flotson's ghost (novice DsDe)
  5955 | D:7      | Found a transporter.
  6067 | D:7      | Noticed an ancient zyme
  6413 | D:7      | Found Copoedat's Weapon Shoppe.
  6468 | D:7      | Found a glowing silver altar of Zin.
  6468 | D:7      | Noticed an angel
  6555 | D:7      | Reached skill level 8 in Unarmed Combat
  6602 | D:7      | Found a basalt altar of Yredelemnul.
  6620 | D:7      | Noticed Pikel
  6629 | D:7      | Killed Pikel
  6630 | D:7      | Reached skill level 5 in Invocations
  6766 | D:7      | Found a staircase to the Ecumenical Temple.
  6870 | Temple   | Entered the Ecumenical Temple
  7771 | D:8      | Found a large runed translucent door.
  7772 | D:8      | Found a large runed translucent door.
  7776 | D:8      | Noticed pigah's ghost (journeyman OpWn)
  7804 | D:8      | Reached skill level 5 in Fighting
  7804 | D:8      | Reached skill level 5 in Short Blades
  7804 | D:8      | Reached skill level 5 in Long Blades
  7804 | D:8      | Reached skill level 5 in Axes
  7804 | D:8      | Reached skill level 5 in Maces & Flails
  7804 | D:8      | Reached skill level 5 in Polearms
  7804 | D:8      | Reached skill level 5 in Staves
  7804 | D:8      | Reached skill level 5 in Ranged Weapons
  7804 | D:8      | Reached skill level 5 in Throwing
  7804 | D:8      | Reached skill level 5 in Dodging
  7804 | D:8      | Reached skill level 5 in Stealth
  7804 | D:8      | Reached skill level 5 in Evocations
  7804 | D:8      | Reached XP level 10. HP: 55/74 MP: 13/18
  8231 | D:9      | Learned a level 4 spell: Summon Lightning Spire
  8233 | D:9      | Found a transporter.
  8234 | D:9      | Found a transporter.
  8237 | D:9      | Noticed a four-headed hydra
  8245 | D:9      | Noticed sirJeffrey23's ghost (novice HOFi)
  8372 | D:9      | Noticed a rust devil
  8376 | D:9      | Noticed a rust devil
  8388 | D:10     | Entered Level 10 of the Dungeon
  8429 | D:10     | Noticed a kobold demonologist
  8434 | D:10     | Killed a kobold demonologist
  8833 | D:10     | Identified the +5 hat "Sezxokil" {Int+4}
  9017 | D:10     | Found a snail-covered altar of Cheibriados.
  9173 | D:10     | Noticed a gargoyle
  9276 | D:9      | Killed by an exploding chaos spawn... ignited by their
                  | inner flame

Illustrated notes

Levels and vault maps discovered:
D:1:      amcnicky_arrival_single_pillar, layout_rooms
D:2:      layout_basic
D:3:      layout_loops_cross, kennysheep_generic_room_2, uniq_jessica,
          uniq_natasha
D:4:      layout_basic, grunt_temple_overflow_champion_of_chaos,
          mainiacjoe_overflow_alcove_2, nicolae_overflow_hidden_temple,
          uniq_menkaure
D:5:      layout_loops_ring, grunt_gozag_statues, minmay_misc_feat_alley,
          grunt_decor_cap
D:6:      layout_gridville
D:7:      layout_basic, yredelemnul_forgotten_temple_becter, zin_angel,
          minmay_temple_entry_proselytizer, gammafunk_ghost_abyssal_escape,
          serial_shops, shop, chequers_serial_rivers_micro_d, uniq_pikel
D:8:      layout_loops_ring, ebering_ghost_disaster_area
D:9:      layout_roguey [special_room_orc], fedhas_altar_2, serial_shops,
          nicolae_shop_overgrown_old_shop, nzn_ghost_randoct, serial_demonic,
          serial_demonic_b, serial_demonic_c, serial_demonic_b,
          serial_demonic_g, serial_demonic_a, serial_demonic_e,
          serial_demonic_b, minmay_lizard_king
D:10:     layout_basic, kennysheep_slug_shrine, erik_lair_island
Temple:   dpeg_chambers_temple

Skill      XL: |  1  2  3  4  5  6  7  8  9 10 |
---------------+-------------------------------+-----
Invocations    | 1 2 3 4 5 |  5.9
Fighting       | 1 2 3 4 5 |  5.4
Short Blades   | 1 2 3 4 5 |  5.4
Long Blades    | 1 2 3 4 5 |  5.4
Axes           | 1 2 3 4 5 |  5.4
Maces & Flails | 1 2 3 4 5 |  5.4
Polearms       | 1 2 3 4 5 |  5.4
Staves         | 1 2 3 4 5 |  5.4
Ranged Weapons | 1 2 3 4 5 |  5.4
Throwing       | 1 2 3 4 5 |  5.4
Dodging        | 1 2 3 4 5 |  5.4
Stealth        | 1 2 3 4 5 |  5.4
Evocations     | 1 2 3 4 5 |  5.4
Spellcasting   | 3 4 5 6 |  6.1
Conjurations   | 1 2 3 4 |  4.4
Hexes          | 1 2 3 4 |  4.4
Summonings     | 1 2 3 4 |  4.4
Translocations | 1 2 3 4 |  4.4
Transmutations | 1 2 3 4 |  4.4
Fire Magic     | 1 2 3 4 |  4.4
Ice Magic      | 1 2 3 4 |  4.4
Air Magic      | 1 2 3 4 |  4.4
Earth Magic    | 1 2 3 4 |  4.4
Poison Magic   | 1 2 3 4 |  4.4
Armour         | 3 4 5 6 |  6.0
Shields        | 5 6 7 |  7.1
Unarmed Combat | 7 8 |  8.6
Necromancy     | 6 7 |  7.1

Action                     |  1- 3 |  4- 6 |  7- 9 | 10-12 || total
---------------------------+-------+-------+-------+-------++-------
  Melee: Unarmed           |   117 |    19 |       |       ||   136
         Club              |     6 |       |       |       ||     6
         Bite              |    12 |     1 |       |       ||    13
         Sling             |       |     3 |       |       ||     3
   Fire: Sling             |       |   119 |   314 |   104 ||   537
   Cast: Inner Flame       |       |       |     4 |     8 ||    12
         Call Canine Famil |       |       |       |     1 ||     1
  Evoke: Wand              |       |       |    10 |     1 ||    11
    Use: Potion            |     1 |     3 |       |     5 ||     9
         Scroll            |       |    11 |     8 |     3 ||    22
   Stab: Sleeping          |     1 |       |       |       ||     1
 Armour: Skin              |    15 |    19 |       |       ||    34
         Robe              |    19 |       |       |       ||    19
         Leather armour    |     8 |    40 |   150 |    75 ||   273
  Dodge: Dodged            |    59 |    53 |   253 |   104 ||   469
  Block: Buckler           |    24 |    22 |   105 |    79 ||   230

Table legend: (Time is in decaauts)
 A = Elapsed time spent in this place.
 B = Non-inter-level travel time spent in this place.
 C = Inter-level travel time spent in this place.
 D = Time resting spent in this place.
 E = Time spent auto-exploring this place.
 F = Levels seen in this place.
 G = Mean time per level.
                   A        B        C        D        E       F      G
               +--------+--------+--------+--------+--------+-----+--------+
         Total |   9759 |   9458 |    301 |    103 |   7248 |  11 |  887.2 |
       Dungeon |   9445 |   9173 |    272 |    103 |   7127 |  10 |  944.5 |
        Temple |    314 |    285 |     29 |      0 |    121 |   1 |  314.0 |
               +--------+--------+--------+--------+--------+-----+--------+

Top non-repeatable levels by time:
     D:6: 1391 daAuts
     D:7: 1218 daAuts
     D:2: 1186 daAuts
     D:3: 950 daAuts
     D:4: 933 daAuts
     D:8: 924 daAuts
    D:10: 889 daAuts
     D:5: 818 daAuts
     D:1: 811 daAuts
     D:9: 322 daAuts
  Temple: 314 daAuts
